 Dungeon Crawl Stone Soup version 0.23.2-1-ga50397a (webtiles) character file.

Game seed: 14921063313585778676

12819 whitewolfNL the Basher (level 11, -3/101 HPs)
             Began as a Minotaur Berserker on May 21, 2019.
             Was a High Priest of Trog.
             Shot with an arrow by a centaur warrior (12 damage)
             ... on level 15 of the Dungeon.
             The game lasted 00:55:19 (11300 turns).

whitewolfNL the Basher (Minotaur Berserker)        Turns: 11300, Time: 00:55:20

Health: -3/101     AC: 14    Str: 21    XL:     11   Next: 67%
Magic:  0/16       EV: 11    Int:  4    God:    Trog [*****.]
Gold:   567        SH:  0    Dex: 14    Spells: 10/10 levels left

rFire    + + .     SeeInvis .   I - +0 great mace
rCold    + . .     Gourm    .   (shield currently unavailable)
rNeg     . . .     Faith    .   s - +0 plate armour (curse)
rPois    +         Spirit   +   (helmet restricted)
rElec    .         Reflect  .   j - scarf {rC+ rF+}
rCorr    .         Harm     .   R - +0 pair of gloves
MR       .....                  (no boots)
Stlth    ..........             r - amulet of guardian spirit
HPRegen  0.26/turn              f - ring of poison resistance
MPRegen  0.15/turn              h - ring of protection from fire

@: hasted, studying Evocations, very quick
A: retaliatory headbutt, horns 2
a: Berserk, Trog's Hand, Brothers in Arms, Renounce Religion


You were on level 15 of the Dungeon.
You worshipped Trog.
Trog was extremely pleased with you.
You were not hungry.

You visited 2 branches of the dungeon, and saw 15 of its levels.
You also visited: Ossuary.

You collected 567 gold pieces.

Inventory:

Hand Weapons
 p - a +2 short sword of draining
 I - a +0 great mace (weapon)
Missiles
 d - 81 bolts
 g - 329 stones (quivered)
 l - 61 sling bullets
 m - 154 poisoned needles
 q - 3 needles of frenzy
 x - 8 needles of confusion
 B - 6 javelins
 F - 129 arrows
 M - 4 curare-tipped needles
Armour
 j - a scarf of resistance (worn)
 s - a cursed +0 plate armour (worn)
 O - a +0 hat of intelligence
 P - a +0 pair of gloves
 R - a +0 pair of gloves (worn)
Jewellery
 f - a ring of poison resistance (left hand)
 h - a ring of protection from fire (right hand)
 r - an amulet of guardian spirit (around neck)
Wands
 y - a wand of iceblast (17)
 G - a wand of random effects (21)
 Q - a wand of acid (9)
Scrolls
 e - 3 scrolls of enchant armour
 k - 2 scrolls of enchant weapon
 n - 7 scrolls of remove curse
 t - a scroll of magic mapping
 v - 10 scrolls of immolation
 A - a scroll of holy word {unknown}
 C - a scroll of amnesia {unknown}
 K - a scroll of fog {unknown}
 L - a scroll of vulnerability {unknown}
Potions
 a - a potion of berserk rage {unknown}
 o - 2 potions of brilliance {unknown}
 z - a potion of cancellation {unknown}
 D - 4 potions of flight
 E - 5 potions of curing
 H - 2 potions of agility
 J - 3 potions of haste
Books
 N - a manual of Evocations
Comestibles
 c - 17 rations


   Skills:
 * Level 10.8 Fighting
 * Level 11.0 Maces & Flails
 - Level 4.0 Throwing
 + Level 7.6 Armour
 * Level 9.7 Dodging
 - Level 3.0 Stealth
   Level 4.0 Shields
 + Level 8.4 Evocations


You had 10 spell levels left.
You didn't know any spells.
Your spell library was empty.

Dungeon Overview and Level Annotations

Branches:
Dungeon (15/15)            Temple (0/1) D:6            Lair (1/6) D:9
    Orc (0/2) D:11
 Vaults: D:13-14     Depths: D:15

Altars:
Dithmenos
Elyvilon
Fedhas
Gozag
Makhleb
Ru
Uskayaw
Vehumet
Xom
Yredelemnul
Zin
The Shining One

Shops:
D:4 *:[=   D:5 **   D:8 *   D:9 }   D:14 (

Portals:
Trove: D:10 (give 21 scrolls of identify)

Annotations:
D:14 Kirke


Innate Abilities, Weirdness & Mutations

You reflexively headbutt those who attack you in melee.
You have a pair of horns on your head.


Message History

Found 27 gold pieces.
As you read the scroll of teleportation, it crumbles to dust.
You feel strangely unstable. The slime creature barely misses you.
You see here 27 gold pieces.
Your surroundings suddenly seem different.
You eat one of the 18 rations.
That ration really hit the spot!
You start resting.
You recover from your berserk rage.
You start resting.
Your extra speed is starting to run out.
You start resting.
You feel yourself slow down.
You start resting.
The centaur warrior is too close now for your liking.
The centaur warrior shoots an arrow.
The arrow hits you!
* * * LOW HITPOINT WARNING * * *
You feel yourself speed up.
The centaur warrior shoots an arrow.
The arrow hits you!
You die...

#.......# #.#
#.......# #.#
#.......######.#
.........c.....#
......(.(.(....#
...............#
.....####......#
8 ...J.#
######.#####....
..J..#
#..@.......
.(.(.#
#..........
..(..#
#..........
..c(.#
#..........
....(#
#..........
####ccc
........... #
cc.#
####........ #
...# #....#### #
...#


You could see a centaur warrior.

Vanquished Creatures
  Gastronok (D:11)
  Nergalle (D:10)
  An unseen horror (D:10)
  2 cyclopes
  A centaur skeleton (D:15)
  A freezing wraith (D:15)
  A troll (D:10)
  Grinder (D:5)
  3 hornets
  A slime creature (D:15)
  Sigmund (D:2)
  A shadow (D:14)
  A spriggan (D:7)
  8 yaks
  A hog (D:14)
  A wyvern (D:8)
  A soldier ant (D:11)
  A water moccasin (D:9)
  3 porcupines (D:9)
  4 sky beasts
  An orc warrior (D:9)
  2 black bears
  An eye of draining (D:10)
  A necrophage (D:9)
  A phantom (D:4)
  5 ogres
  4 centaurs
  3 crocodiles (D:9)
  Blork the orc (D:4)
  3 bullfrogs
  3 big kobolds
  A wyvern skeleton (D:14)
  2 scorpions
  10 killer bees
  2 howler monkeys
  7 centaur zombies
  7 crimson imps
  2 quasits (D:11)
  A jelly (D:11)
  9 orc wizards
  A human zombie (Ossuary)
  7 orc priests
  Crazy Yiuf (D:2)
  6 hounds
  5 iguanas
  Jessica (D:3)
  2 bullfrog skeletons
  Natasha (D:4)
  3 worker ants
  A killer bee zombie (D:9)
  A big kobold zombie (Ossuary)
  3 mummies
  A hound skeleton (D:4)
  A howler monkey zombie (D:10)
  13 adders
  A shadow imp (D:5)
  2 adder zombies (Ossuary)
  An ooze (D:5)
  An adder skeleton (D:8)
  A worm (D:2)
  A dart slug (D:2)
  3 leopard geckos
  40 orcs
  2 ball pythons (D:3)
  6 bats
  5 giant cockroaches
  6 goblins
  7 hobgoblins
  9 jackals
  16 kobolds
  5 quokkas
  4 frilled lizards
  2 goblin zombies (Ossuary)
  5 hobgoblin zombies
  A jackal skeleton (D:6)
  A jackal zombie (Ossuary)
  14 kobold zombies
  11 orc zombies
  2 quokka zombies (D:8)
  3 rats
  A rat zombie (Ossuary)
298 creatures vanquished.

Vanquished Creatures (others)
  A shadow (D:15)
  6 fungi (D:9)
  11 plants (D:9)
18 creatures vanquished.

Grand Total: 316 creatures vanquished

Notes
Turn   | Place    | Note
-------+----------+-------------------------------------------
     0 | D:1      | whitewolfNL the Minotaur Berserker began the quest for the
                  | Orb.
     0 | D:1      | Reached XP level 1. HP: 19/19 MP: 0/0
   460 | D:1      | Reached XP level 2. HP: 26/27 MP: 1/1
  1058 | D:2      | Noticed Sigmund
  1081 | D:2      | HP: 1/27 [Sigmund/+0 scythe (2)]
  1089 | D:2      | Killed Sigmund
  1089 | D:2      | Reached skill level 4 in Maces & Flails
  1089 | D:2      | Reached skill level 1 in Stealth
  1089 | D:2      | Reached XP level 3. HP: 13/34 MP: 2/2
  1089 | D:2      | Reached XP level 4. HP: 16/41 MP: 3/3
  1089 | D:2      | Reached XP level 5. HP: 18/47 MP: 4/4
  1460 | D:2      | Found a runed translucent door.
  1461 | D:2      | Noticed Crazy Yiuf
  1469 | D:2      | Killed Crazy Yiuf
  1926 | D:3      | Reached ** piety under Trog
  1927 | D:3      | Reached XP level 6. HP: 55/55 MP: 5/5
  1989 | D:3      | Found a hide-covered altar of Uskayaw.
  1999 | D:3      | Found a sacrificial altar of Ru.
  2004 | D:3      | Found a basalt altar of Yredelemnul.
  2007 | D:3      | Found a white marble altar of Elyvilon.
  2089 | D:3      | Noticed Jessica
  2099 | D:3      | Killed Jessica
  2099 | D:3      | Reached skill level 5 in Fighting
  2102 | D:3      | Reached skill level 5 in Maces & Flails
  2239 | D:3      | Found a glowing golden altar of the Shining One.
  2446 | D:4      | Found Siotupsait's Armour Shop.
  2464 | D:4      | Reached XP level 7. HP: 20/61 MP: 6/6
  2687 | D:4      | Found Mocvudet's Book Shoppe.
  2687 | D:4      | Noticed Blork the orc
  2691 | D:4      | Killed Blork the orc
  2701 | D:4      | Found Akli's Assorted Antiques.
  2826 | D:4      | Reached *** piety under Trog
  3054 | D:4      | Found Qij Xuas's Jewellery Shoppe.
  3182 | D:4      | Noticed Natasha
  3190 | D:4      | Killed Natasha
  3573 | D:5      | Entered Level 5 of the Dungeon
  3686 | D:5      | Reached skill level 1 in Evocations
  3768 | D:5      | Found a shadowy altar of Dithmenos.
  3902 | D:5      | Found a shadowy altar of Dithmenos.
  3907 | D:5      | Noticed Grinder
  3913 | D:5      | Paralysed by Grinder for 7 turns
  3927 | D:5      | Reached skill level 6 in Maces & Flails
  3934 | D:5      | Paralysed by Grinder for 6 turns
  3943 | D:5      | Killed Grinder
  3943 | D:5      | Reached XP level 8. HP: 40/70 MP: 6/8
  4167 | D:5      | Found a burning altar of Makhleb.
  4168 | D:5      | Found a radiant altar of Vehumet.
  4199 | D:5      | Found Ruzusar's Assorted Antiques.
  4330 | D:5      | Reached skill level 5 in Dodging
  4493 | D:5      | Found Eraiqok's Lightly-Used Armoury.
  4696 | D:6      | Found a blossoming altar of Fedhas.
  4715 | D:6      | Found a staircase to the Ecumenical Temple.
  4742 | D:6      | Found an opulent altar of Gozag.
  5004 | D:6      | Reached skill level 7 in Maces & Flails
  5222 | D:7      | Reached skill level 1 in Shields
  5375 | D:7      | Reached XP level 9. HP: 79/79 MP: 10/10
  5426 | D:7      | Found a sand-covered staircase.
  5439 | Ossuary  | Entered an ossuary
  5456 | Ossuary  | Reached **** piety under Trog
  5550 | Ossuary  | Reached skill level 5 in Armour
  5714 | D:7      | Reached ***** piety under Trog
  7030 | D:8      | Received a gift from Trog
  7039 | D:8      | Found Zin's Purification Station.
  7055 | D:8      | Found a glowing silver altar of Zin.
  7101 | D:8      | Reached skill level 8 in Maces & Flails
  7832 | D:9      | Reached XP level 10. HP: 90/90 MP: 12/12
  7849 | D:9      | Reached skill level 5 in Evocations
  7867 | D:9      | Reached skill level 9 in Maces & Flails
  7907 | D:9      | Found a staircase to the Lair.
  8070 | D:9      | Identified the cursed +1 short sword of Uteham Sohi
                  | {pierce, +Rage rElec MR+}
  8154 | D:9      | Found a shimmering altar of Xom.
  8158 | D:9      | Received a gift from Trog
  8285 | D:9      | Found Moitiga's Gadget Emporium.
  8686 | D:10     | Entered Level 10 of the Dungeon
  8713 | D:10     | Found a portal to a secret trove of treasure.
  8880 | D:10     | Killed an unseen horror
  9312 | D:10     | Noticed Nergalle
  9318 | D:10     | Killed Nergalle
  9318 | D:10     | Reached skill level 10 in Maces & Flails
  9318 | D:10     | Reached XP level 11. HP: 99/99 MP: 10/15
  9590 | Lair:1   | Entered Level 1 of the Lair of Beasts
  9739 | D:11     | Noticed Gastronok
  9766 | D:11     | Killed Gastronok
  9766 | D:11     | Received a gift from Trog
  9766 | D:11     | Reached skill level 10 in Fighting
 10059 | D:11     | Noticed a red ugly thing
 10348 | D:11     | Found a staircase to the Orcish Mines.
 10404 | D:11     | Noticed a two-headed ogre
 10404 | D:11     | You fall through a shaft for 2 floors!
 10410 | D:14     | Noticed Kirke
 10501 | D:14     | Found Fuva's Weapon Shoppe.
 11117 | D:15     | Entered Level 15 of the Dungeon
 11217 | D:15     | Reached skill level 11 in Maces & Flails
 11233 | D:15     | Noticed a centaur warrior
 11235 | D:15     | HP: 5/101 [centaur warrior/arrow (15)]
 11239 | D:15     | HP: 2/101 [centaur warrior/arrow (15)]
 11240 | D:15     | Noticed a skeletal warrior
 11240 | D:15     | Noticed a skeletal warrior
 11240 | D:15     | Noticed a skeletal warrior
 11240 | D:15     | Noticed a skeletal warrior
 11243 | D:15     | Noticed an eight-headed hydra
 11300 | D:15     | Shot with an arrow by a centaur warrior

Skill      XL: |  1  2  3  4  5  6  7  8  9 10 11 |
---------------+----------------------------------+-----
Fighting       | 4 5 6 7 8 9 10 | 10.8
Maces & Flails | 4 5 6 7 8 10 11 | 11.0
Throwing       | 2 3 4 |  4.0
Armour         | 3 4 5 6 7 |  7.6
Dodging        | 3 4 5 7 8 9 |  9.7
Stealth        | 1 2 3 |  3.0
Evocations     | 1 3 4 7 8 |  8.4
Shields        | 1 4 |  4.0

Action                   |  1- 3 |  4- 6 |  7- 9 | 10-12 || total
-------------------------+-------+-------+-------+-------++-------
Melee: Mace              |    39 |    89 |    28 |       ||   156
       Headbutt          |     7 |    16 |    76 |    61 ||   160
       Flail             |       |       |   159 |       ||   159
       Great mace        |       |       |   246 |   224 ||   470
       Unarmed           |       |       |       |     2 ||     2
Invok: Berserk           |     1 |     4 |    17 |    15 ||    37
Evoke: Wand              |       |       |       |     5 ||     5
  Use: Potion            |     2 |       |     2 |     7 ||    11
       Scroll            |       |     4 |     8 |    10 ||    22
  Eat: Chunk             |       |    10 |    22 |    15 ||    47
       Ration            |       |       |     3 |     4 ||     7
Armor: Robe              |     2 |       |       |       ||     2
       Animal skin       |     1 |       |       |       ||     1
       Chain mail        |    21 |    44 |    41 |       ||   106
       Plate armour      |       |       |   286 |   153 ||   439
Dodge: Dodged            |    26 |    61 |   234 |   184 ||   505
